 Dungeon Crawl Stone Soup version 0.17.2 (webtiles) character file.

37 Goblin1989 the Cudgeler (level 3, 0/27 HPs)
             Began as a Demonspawn Gladiator on July 12, 2016.
             Was an Initiate of Qazlal.
             Succumbed to an adder's poison
             ... on level 2 of the Dungeon.
             The game lasted 00:08:20 (973 turns).

Goblin1989 the Cudgeler (Demonspawn Gladiator)       Turns: 973, Time: 00:08:20

Health: 0/27       AC:  7    Str: 16    XL:     3   Next: 21%
Magic:  2/3        EV: 10    Int:  9    God:    Qazlal [......]
Gold:   152        SH:  0    Dex: 13    Spells: 0 memorised, 2 levels left

rFire  . . .     SeeInvis .     a - +0 flail
rCold  . . .     Clarity  .     g - +0 scale mail
rNeg   . . .     SustAt   .     (no shield)
rPois  .         Gourm    .     c - +0 helmet
rElec  .         Spirit   +     (no cloak)
rCorr  .         Warding  .     (no gloves)
rMut   .         Stasis   .     (no boots)
MR     .....                    (no amulet)
Stlth  ..........               (no ring)
                                (no ring)

@: lethally poisoned (0 -> -5), not resistant to hostile enchantments, extremely
unstealthy
A: magic shield
a: Renounce Religion


You were on level 2 of the Dungeon.
You worshipped Qazlal.
Qazlal was noncommittal.
You were not hungry.

You visited 1 branch of the dungeon, and saw 3 of its levels.

You collected 152 gold pieces.

Inventory:

Hand Weapons
 a - a +0 flail (weapon)
Missiles
 d - 2 throwing nets (quivered)
 i - 34 poisoned needles
Armour
 c - a +0 helmet (worn)
 g - a +0 scale mail (worn)
 m - a +0 plate armour
Scrolls
 b - a scroll of fear {unknown}
 f - a scroll of identify {unknown}
 h - a scroll of immolation {unknown}
 k - 2 scrolls of remove curse {unknown}
 l - a scroll of amnesia {unknown}
Comestibles
 e - a bread ration
 j - a meat ration


   Skills:
 - Level 2.0 Fighting
 * Level 3.4 Maces & Flails
 - Level 1.7 Throwing
 + Level 1.4 Armour
 - Level 2.7 Dodging


You had 2 spell levels left.
You didn't know any spells.

Dungeon Overview and Level Annotations

Branches:
Dungeon (3/15)

Altars:
Gozag
Qazlal
Sif Muna

Annotations:
D:2 Sigmund


Innate Abilities, Weirdness & Mutations

When hurt, damage is shared between your health and your magic reserves.


Message History

The adder bites you but does no damage.
You take 1 damage, and have 3/27 hp.
Aim: an adder (lightly wounded)
You throw a throwing net. The throwing net hits the adder.
The adder is caught in the net!
* * * LOW HITPOINT WARNING * * *
You feel sick.
The adder struggles against the net.
You take 1 damage, and have 2/27 hp.
You barely miss the adder.
* * * LOW HITPOINT WARNING * * *
You feel sick.
The adder struggles against the net.
The adder struggles to escape the net.
You sock the adder!
The adder struggles against the net.
You hit the adder.
* * * LOW HITPOINT WARNING * * *
You feel sick.
The adder struggles to escape the net.
The adder struggles to escape the net.
You take 1 damage, and have 1/27 hp.
You barely miss the adder.
You die...

######### ############.......#
...................#
############.......###....##
#{#####........[ #.# #.#
#....# #.# #.# #....# .....
#.#####.###....# .....
#....@S........# [.... ###
#########.###....##..... #..
........)>........#.....
#.##############.##.#.#.#.....
#.......S.... #.##.#.#..#
#....S########.#.##.#.##.##
#....<.........#.##(#.##..#
####.$....{...#####.##.#.###.#
..............'.....##.#.# #.#


You could see an adder (caught).

Vanquished Creatures
  An adder (D:2)
  An ooze (D:2)
  A giant gecko (D:3)
  3 hobgoblins (D:1)
  2 kobolds (D:2)
  A ball python (D:2)
  3 bats
  4 giant newts
  5 goblins
  3 rats
24 creatures vanquished.

Notes
Turn   | Place    | Note
--------------------------------------------------------------
     0 | D:1      | Goblin1989 the Demonspawn Gladiator began the quest for the Orb.
     0 | D:1      | Reached XP level 1. HP: 16/16 MP: 1/1
   322 | D:3      | Reached skill level 1 in Armour
   322 | D:3      | Gained mutation: When hurt, damage is shared between your health and your magic reserves. [demonic ancestry]
   322 | D:3      | Reached XP level 2. HP: 17/22 MP: 2/2
   381 | D:3      | Found a deep blue altar of Sif Muna.
   382 | D:3      | Found a stormy altar of Qazlal.
   396 | D:3      | Became a worshipper of Qazlal Stormbringer
   430 | D:2      | Reached skill level 3 in Maces & Flails
   480 | D:2      | Noticed Sigmund
   809 | D:2      | Reached XP level 3. HP: 24/27 MP: 3/3
   890 | D:2      | Found an opulent altar of Gozag.
   947 | D:3      | Noticed an orc priest
   947 | D:3      | Noticed an orc wizard
   972 | D:2      | HP: 1/27 [poisoned by an adder]
   973 | D:2      | Succumbed to an adder's poison

Action                   || total
-------------------------++-------
Melee: Flail             ||    68
Throw: Throwing net      ||     1
